 Dungeon Crawl Stone Soup version 0.27-a0-869-g165b36e3f0 (webtiles) character file.

Game seed: 4722928323836628976

42 Dazliare the Cudgeller (level 3, -8/29 HPs)
             Began as a Formicid Chaos Knight on Apr 2, 2021.
             Was a Plaything of Xom.
             Mangled by a wyvern zombie (13 damage)
             ... on level 2 of the Dungeon.
             The game lasted 00:03:13 (1130 turns).

Dazliare the Cudgeller (Formicid Chaos Knight)      Turns: 1130, Time: 00:03:14

Health: -8/29      AC:  5    Str: 17    XL:     3   Next: 77%
Magic:  3/3        EV: 11    Int: 11    God:    Xom [......]
Gold:   41         SH:  0    Dex: 10    Spells: 2/2 levels left

rFire    . . .     SeeInvis +   a - +0 mace (chaos)
rCold    . . .     Faith    .   (no shield)
rNeg     . . .     Spirit   .   b - +2 leather armour
rPois    .         Reflect  .   (helmet unavailable)
rElec    .         Harm     .   (no cloak)
rCorr    .         Rampage  .   (no gloves)
Will     .....                  (no boots)
Stlth    +.........             (no amulet)
HPRegen  0.09/turn              (no ring)
MPRegen  0.08/turn              (no ring)

@: very slightly contaminated, invisible
A: permanent stasis, dig shafts and tunnels, antennae 3, four strong arms
a: Dig, Shaft Self, Renounce Religion


You were on level 2 of the Dungeon.
You worshipped Xom.
You were a very special plaything of Xom.
You visited 1 branch of the dungeon, and saw 2 of its levels.

You collected 41 gold pieces.

Inventory:

Hand Weapons
 a - a +0 mace of chaos (weapon)
 d - a +2 dagger of speed
Armour
 b - a +2 leather armour (worn)
Scrolls
 g - a scroll of enchant armour {unknown}
 h - 2 scrolls of magic mapping {unknown}
 i - a scroll of identify {unknown}
 k - a scroll of teleportation {unknown}
Potions
 c - a potion of attraction {unknown}
 f - a potion of heal wounds {unknown}
 j - a potion of cancellation {unknown}


   Skills:
 - Level 3.2 Fighting
 + Level 4.4 Maces & Flails
 - Level 2.1 Armour
 - Level 0.8 Dodging


You had 2 spell levels left.
You didn't know any spells.
Your spell library contained the following spells:

 Spells                   Type           Power      Damage    Failure   Level
 Animate Skeleton         Necr           0%         N/A       38%         1
 Apportation              Tloc           0%         N/A       38%         1
 Corona                   Hex            0%         N/A       38%         1
 Summon Small Mammal      Summ           0%         N/A       38%         1


Dungeon Overview and Level Annotations

Branches:
Dungeon (2/15)

Altars:


Innate Abilities, Weirdness & Mutations

You cannot be hasted, slowed, berserked, paralysed or teleported.
You can dig through walls and to a lower floor.
You have a pair of large antennae on your head. (SInv)
Your four strong arms can wield two-handed weapons with a shield.


Message History

You open the door.
There is an open door here.
Found a stone staircase leading up. "How about this?"
Nothing appears to happen...
Ominous!
You pick up a book of Cantrips and begin reading...
You add the spells Corona, Animate Skeleton, Summon Small Mammal and Apportation to your library.
You sense a monster nearby.
A wyvern zombie comes into view.
You sock the wyvern zombie!
The wyvern zombie is lightly damaged.
The wyvern zombie barely misses you.
You hit the wyvern zombie but do no damage.
The wyvern zombie is lightly damaged.
Xom grants you a minor favour.
You fade into invisibility!
The wyvern zombie barely misses you. The wyvern zombie bites you.
You are very lightly contaminated with residual magic.
You strike the helpless wyvern zombie from behind!
You hit the wyvern zombie. You burn the wyvern zombie.
The wyvern zombie is moderately damaged.
Xom makes a sudden noise!
You hear a roar!
You are now a very special plaything of Xom.
You hear an angry hiss.
The wyvern zombie bites you! The wyvern zombie misses you.
You hit the wyvern zombie but do no damage.
The wyvern zombie is moderately damaged.
The wyvern zombie barely misses you.
A ball python comes into view.
You hit the wyvern zombie but do no damage.
The wyvern zombie is moderately damaged.
The ball python hisses angrily.
The wyvern zombie bites you. The wyvern zombie closely misses you.
It was a potion of haste.
Your stasis prevents you from being hasted.
The wyvern zombie bites you.
* * * LOW HITPOINT WARNING * * *
The wyvern zombie bites you!
You die...
Xom cackles wildly!

#...# #.##.#)#.
#.#.### #.#.#.#.#
#...#.## #..#.###.
##.#...####...#####
##........'........
##.#....####..>.....
#.###...# ##.......
##.#.##.# ##.....#
##@###.#######...##
##Z.......# ##+##
#.#S.....#
#.#<.###.# #.#.S#
#.#... #.#.### #.#.#
#....


You could see a wyvern zombie and a ball python (wandering).

Vanquished Creatures
  A bat (D:2)
  4 endoplasms (D:1)
  2 giant cockroaches (D:1)
  6 goblins (D:1)
  2 hobgoblins (D:1)
  8 jackals
  3 kobolds
  3 ball pythons
  4 frilled lizards (D:1)
  3 rats
36 creatures vanquished.

Notes
Turn   | Place    | Note
-------+----------+-------------------------------------------
     0 | D:1      | Dazliare the Formicid Chaos Knight began the quest for the
                  | Orb.
     0 | D:1      | Reached XP level 1. HP: 18/18 MP: 1/1
    90 | D:1      | Reached XP level 2. HP: 12/24 MP: 2/2
   382 | D:1      | Reached skill level 4 in Maces & Flails
   382 | D:1      | Reached XP level 3. HP: 28/29 MP: 3/3
   605 | D:1      | XOM: silly message
   729 | D:2      | XOM: divination: magic mapping
   853 | D:2      | XOM: noise
   880 | D:2      | XOM: noise
   891 | D:2      | XOM: smoke on damage
  1075 | D:2      | XOM: silly message
  1122 | D:2      | XOM: potion effect (invisibility)
  1125 | D:2      | XOM: noise
  1130 | D:2      | Mangled by a wyvern zombie

Illustrated notes

Levels and vault maps discovered:
D:1:      lightli_iron_boxes, layout_rooms
D:2:      layout_loops_corners, basic_ecumenical_altar, minmay_misc_feat_doors,
          minmay_circle_x

Skill      XL: |  1  2 |
---------------+-------+-----
Maces & Flails | 4 |  4.4
Fighting       | |  3.2
Armour         | |  2.1
Dodging        | |  0.8

Action                   || total
-------------------------++-------
Melee: Mace              ||    91
  Use: Potion            ||     1
 Stab: Sleeping          ||     1
       Invisible         ||     1
Armor: Leather armour    ||    29
Dodge: Dodged            ||    72

Table legend: (Time is in decaauts)
 A = Elapsed time spent in this place.
 B = Non-inter-level travel time spent in this place.
 C = Inter-level travel time spent in this place.
 D = Time resting spent in this place.
 E = Time spent auto-exploring this place.
 F = Levels seen in this place.
 G = Mean time per level.
                   A        B        C        D        E       F      G
               +--------+--------+--------+--------+--------+-----+--------+
         Total |   1147 |   1133 |     14 |    193 |    649 |   2 |  573.5 |
       Dungeon |   1147 |   1133 |     14 |    193 |    649 |   2 |  573.5 |
               +--------+--------+--------+--------+--------+-----+--------+

Top non-repeatable levels by time:
     D:1: 649 daAuts
     D:2: 498 daAuts
